[Event "*** Titled Tuesday 3|2 Blitz (Late)"]
[Site "Chess.com"]
[Date "2016.11.01"]
[Round "8"]
[White "tigra"]
[Black "pKiLz5Rn9b"]
[Result "1-0"]
[WhiteElo "2473"]
[BlackElo "2502"]
[TimeControl "180+2"]
[EndTime "18:50:11 PDT"]
[Termination "tigra won by resignation"]

1. d4 d5 2. Bf4 Nf6 3. Nf3 e6 4. e3 Bd6 5. Nbd2 O-O 6. Bg3 b6 7. Bd3 Bb7 8. c3 c5 9. Qe2 Nc6 10. Rd1 Qc7 11. dxc5 bxc5 12. e4 Ne5 13. Bxe5 Bxe5 14.
exd5 Bf4 15. dxe6 Rae8 16. Bc4 fxe6 17. O-O Kh8 18. g3 Bxd2 19. Nxd2 e5 20. f3 e4 21. fxe4 Qe5 22. Rde1 Re7 23. Rf5 Qc7 24. Qf2 Rd8 25.
Rf1 Ree8 26. Bd5 Bc8 27. Rxf6 gxf6 28. Qxf6+ Qg7 29. Qxg7+ Kxg7 30. Rf7+ Kh6 31. Rxa7 Rxd5 32. exd5 Re2 33. Nf3 Bh3 34. Nh4 Rxb2 35. Ra5 c4 36. Ra4 Rd2 37. Rxc4 Rxd5 38. Rd4 Rc5 39. c4 Ra5 40. Rd2 Rc5 41. Rc2 Bd7 42. Kf2 Kg5 43. Ke3 Kf6 44. Kd4 Ra5 45. Ng2 Bc6 46. Ne3 Ke6 47.
Nd5 Ra4 48. Nc3 Ra8 49. Re2+ Kd6 50. Nb5+ Kd7 51. Kc5 Bf3 52. Rd2+ Ke7 53. Kb4 Rc8 54. a4 Bg4 55. a5 Be6 56. c5 Rb8 57. c6 Bc8 58. Kc5 Ra8 59. Re2+ Kf6 60. Kb6 Rb8+ 61. Kc7 Ra8 62. Re8 Rxa5 63. Kxc8 Rxb5 64. c7 Rb2 65.
Re3 Rxh2 66. Rb3 1-0

[Event "*** Titled Tuesday 3|2 Blitz (Late)"]
[Site "Chess.com"]
[Date "2016.11.01"]
[Round "8"]
[White "Maitreia"]
[Black "Kubas1010"]
[Result "0-1"]
[WhiteElo "2493"]
[BlackElo "2427"]
[TimeControl "180+2"]
[EndTime "18:50:29 PDT"]
[Termination "Kubas1010 won by resignation"]

1. c4 e6 2. g3 d5 3. Nf3 dxc4 4.
Qa4+ Nd7 5. Qxc4 a6 6. a4 b5 7. Qc2 Bb7 8. Bg2 Ngf6 9. Nc3 b4 10. Nb1 c5 11. b3 Be7 12. Bb2 O-O 13. d3 Nd5 14.
Nbd2 Bf6 15. Nc4 Rc8 16. Nd6 Rc7 17. Nxb7 Rxb7 18. O-O Bxb2 19. Qxb2 Qf6 20. Qxf6 gxf6 21. Rfc1 Nc3 22. Kf1 Rb6 23. Nd2 Ne5 24. Nb1 Nxb1 25. Raxb1 Rc8 26. Rc2 Rd6 27. Rbc1 Nd7 28. d4 Rxd4 29. Bb7 Rc7 30. Bxa6 Kf8 31. Bb5 Ke7 32. Ke1 Rd5 33. Rc4 h5 34. Rxb4 Ne5 35. Rh4 Ng6 36. Rhc4 Ne5 37. R4c3 Kd6 38. b4 c4 39. Bxc4 Rd4 40.
Bd3 Rxc3 41. Rxc3 Rxb4 42. Ra3 h4 43. gxh4 Rxh4 44. a5 Nxd3+ 45. Rxd3+ Kc6 46. Rc3+ Kd6 47. Ra3 Rxh2 48. a6 Rh8 49. Kd2 Kc6 50. a7 Kb7 51.
Kd3 Rc8 52. Kd4 Ka8 53. f4 Rc7 54. e4 Rc6 55. Ra5 Rc7 56. e5 Rd7+ 57. Ke4 f5+ 58. Kf3 Rxa7 59. Rxa7+ Kxa7 60. Kg3 Kb6 61. Kh4 Kc6 62. Kg5 Kd7 63. Kf6 Ke8 64. Kg7 Ke7 65. Kh6 f6 66. exf6+ Kxf6 67. Kh5 e5 68. fxe5+ Kxe5 69.
Kh4 Ke4 70. Kg3 Ke3 71. Kg2 f4 72. Kf1 Kf3 73. Kg1 Ke2 0-1

[Event "*** Titled Tuesday 3|2 Blitz (Late)"]
[Site "Chess.com"]
[Date "2016.11.01"]
[Round "8"]
[White "Abrito99"]
[Black "NTBT_DHS"]
[Result "1-0"]
[WhiteElo "2369"]
[BlackElo "2495"]
[TimeControl "180+2"]
[EndTime "18:50:44 PDT"]
[Termination "Abrito99 won by checkmate"]

1. e4 g6 2. d4 Bg7 3. Nf3 a6 4.
a4 b6 5. c3 Bb7 6. Bd3 e6 7. O-O d6 8. Nbd2 Nd7 9. Qe2 Ne7 10.
Ne1 g5 11. Nc4 Ng6 12. Qh5 Nf4 13. Bxf4 gxf4 14. Nf3 Kf8 15. Rad1 Nf6 16. Qg5 Nxe4 17. Qxf4 Nf6 18. Ng5 h6 19. Nf3 Nd5 20. Qg3 Qf6 21. Ne3 Qf4 22. Qh3 Ne7 23. Nd2 h5 24. Qg3 Qf6 25.
Ne4 Qh6 26. Nxd6 cxd6 27. Qxd6 Bc6 28. Nc4 Qg5 29. f3 Qd5 30. Qb4 Rb8 31. Nxb6 Qd8 32. a5 Bf6 33. Qc5 Kg7 34. Bxa6 Bd5 35. Bd3 h4 36. Nxd5 Qxd5 37. Qxd5 Nxd5 38. Rf2 Rhc8 39. g3 hxg3 40. hxg3 Be7 41. Re2 Bd6 42. Kg2 Kf6 43.
Be4 Rg8 44. Bxd5 Rxg3+ 45. Kf2 exd5 46. a6 Rgg8 47. Ra1 Ra8 48. Ra5 Bg3+ 49. Kf1 Rgd8 50. b4 Bc7 51. Rc5 Bd6 52. Rc6 Kf5 53. b5 Kf4 54.
Kf2 f5 55. Ra2 Be7 56. b6 Bh4+ 57. Ke2 Re8+ 58. Kd2 Kxf3 59. b7 Rab8 60. Kc1 Bg5+ 61.
Kb2 f4 62. Rb6 Bd8 63. a7 Bxb6 64. a8=Q Bc7 65. Qa6 Red8 66. Qc6 Rxb7+ 67. Kc2 Rdb8 68. Qxd5+ Ke3 69. Qe6+ Kf3 70. Kd3 Rb1 71. Qh3# 1-0

[Event "*** Titled Tuesday 3|2 Blitz (Late)"]
[Site "Chess.com"]
[Date "2016.11.01"]
[Round "8"]
[White "hardingstoptry"]
[Black "Divertissement"]
[Result "1/2-1/2"]
[WhiteElo "2568"]
[BlackElo "2352"]
[TimeControl "180+2"]
[EndTime "18:50:46 PDT"]
[Termination "Game drawn by agreement"]

1. Nf3 c5 2. g3 b6 3. Bg2 Bb7 4.
O-O Nf6 5. d3 e6 6. Nbd2 Be7 7.
e4 d6 8. Re1 O-O 9. c3 Nbd7 10.
Nf1 Qc7 11. h4 c4 12. dxc4 Bxe4 13. Bg5 Qb7 14. Rxe4 Qxe4 15. Nd4 Qg6 16. Bxa8 Rxa8 17. f4 h6 18. Qf3 Rc8 19. Bxf6 Bxf6 20. f5 Bxd4+ 21.
cxd4 Qxf5 22. Qxf5 exf5 23. Ne3 g6 24. Kg2 Nf6 25. Kf3 Ne4 26. b3 Nf6 27. a4 a5 28.
Rc1 Kf8 29. Kf4 Ke7 30. g4 fxg4 31. Nxg4 Nxg4 32. Kxg4 f5+ 33. Kf3 Kf6 34. Re1 g5 35. d5 Kg6 36. Re6+ Kh5 37. hxg5 hxg5 38. Rxd6 Re8 39. Rxb6 f4 40. Kf2 Kg4 41. d6 Re3 42. d7 Rd3 43. Rb7 f3 44. c5 Kf4 45. c6 Rd2+ 46.
Ke1 Ke3 47. d8=Q Rxd8 48. Re7+ Kf4 49. c7 Rh8 50. Rh7 Re8+ 51. Kf1 Kg3 52. Rg7 g4 53. Rf7 Rh8 54. Kg1 Re8 55. Kf1 Rc8 56. Rh7 Re8 57. Rf7 Rh8 58. Kg1 Rc8 59. Rd7 Kf4 60. Kf2 g3+ 61. Kg1 Rh8 62. Rf7+ Ke3 63. Re7+ Kd3 64. Rf7 f2+ 65. Kf1 Kc3 66. Kg2 Kxb3 67. Kxg3 Kxa4 68. Kxf2 Kb3 69. Ke3 a4 70. Kd4 a3 71. Rf3+ Kb2 72.
Kc5 a2 73. Rf2+ Kb1 74. Rf1+ Kb2 75. Rf2+ Kb1 76. Rf1+ Kb2 1/2-1/2

[Event "*** Titled Tuesday 3|2 Blitz (Late)"]
[Site "Chess.com"]
[Date "2016.11.01"]
[Round "9"]
[White "howitzer14"]
[Black "platy3"]
[Result "1/2-1/2"]
[WhiteElo "2774"]
[BlackElo "2703"]
[TimeControl "180+2"]
[EndTime "18:52:45 PDT"]
[Termination "Game drawn by agreement"]

1. e4 c5 2. c3 Nf6 3. e5 Nd5 4.
Nf3 Nc6 5. Bc4 Nb6 6. Bb3 c4 7. Bc2 Qc7 8. Qe2 g5 9. O-O g4 10. Ng5 Qxe5 11. Qxg4 1/2-1/2

[Event "*** Titled Tuesday 3|2 Blitz (Late)"]
[Site "Chess.com"]
[Date "2016.11.01"]
[Round "9"]
[White "Evgeny_Levin"]
[Black "TheSovietChess"]
[Result "1-0"]
[WhiteElo "2719"]
[BlackElo "2548"]
[TimeControl "180+2"]
[EndTime "18:55:01 PDT"]
[Termination "Evgeny_Levin won by resignation"]

1. d4 Nf6 2. c4 g6 3. Nc3 d5 4. cxd5 Nxd5 5. e4 Nxc3 6. bxc3 Bg7 7.
Bc4 c5 8. Ne2 Nc6 9. Be3 cxd4 10. cxd4 Qa5+ 11. Bd2 Qd8 12. Bc3 O-O 13. O-O Bg4 14. f3 Bd7 15. Qd2 a6 16. a4 Rc8 17.
Rfd1 Qc7 18. Rac1 Rfd8 19. Kh1 Qb8 20. Rb1 Qc7 21. Rdc1 e6 22. Ba2 Rb8 23. d5 Rdc8 24.
dxc6 Bxc3 25. Qxd7 Ba5 1-0

[Event "*** Titled Tuesday 3|2 Blitz (Late)"]
[Site "Chess.com"]
[Date "2016.11.01"]
[Round "9"]
[White "pKiLz5Rn9b"]
[Black "chessking2151"]
[Result "0-1"]
[WhiteElo "2490"]
[BlackElo "2351"]
[TimeControl "180+2"]
[EndTime "18:56:30 PDT"]
[Termination "chessking2151 won by resignation"]

1. e4 e5 2. Nf3 Nc6 3. Bc4 Nf6 4. d3 Be7 5. O-O O-O 6. Re1 d6 7. a4 Be6 8. Nc3 h6 9. h3 a6 10. Be3 Qd7 11. Qe2 Na5 12. Bxe6 fxe6 13. Rad1 Nc6 14.
d4 exd4 15. Nxd4 e5 16. Nf5 Bd8 17. g4 Kh8 18. f3 Nh7 19. Kg2 Qf7 20. Nd5 Bg5 21. h4 Bxe3 22. Qxe3 Nd8 23. a5 Ne6 24. Qb3 Rab8 25. Kg3 Nf6 26. Nxc7 Nxc7 27. Qxf7 Rxf7 28. Nxd6 Rd7 29. Nc4 Re7 30. Rd6 Nb5 31. Rb6 Rc8 32. b3 Nd4 33. Nd6 Rxc2 34. Nf5 Nxf5+ 35. exf5 Nd5 36.
Re6 Nf4 37. R1xe5 Nxe6 38. fxe6 Rc6 0-1

[Event "*** Titled Tuesday 3|2 Blitz (Late)"]
[Site "Chess.com"]
[Date "2016.11.01"]
[Round "9"]
[White "ZEN-22"]
[Black "nihalsarin"]
[Result "0-1"]
[WhiteElo "2222"]
[BlackElo "2504"]
[TimeControl "180+2"]
[EndTime "18:56:47 PDT"]
[Termination "nihalsarin won by resignation"]

1. e3 d5 2. Ne2 c5 3. d4 Nc6 4. c4 dxc4 5. d5 Ne5 6. Nf4 g5 7. Nh3 Bxh3 8. gxh3 Nf6 9. Nc3 a6 10. f4 gxf4 11. exf4 Ng6 12. Bxc4 Qd6 13. f5 Ne5 14. Bf4 Nd3+ 15. Qxd3 Qxf4 16. a4 Bh6 17. Rf1 Qh4+ 18. Ke2 O-O-O 19. Rg1 Nd7 20. Qe4 Qxh3 21. d6 exd6 22.
Bxf7 Kb8 23. Nd5 Qxh2+ 24. Rg2 Qh3 25. Rh1 Qxh1 26. Ne7 Nf6 27. Qf3 Rde8 28. Bxe8 Rxe8 29. Kd3 Qb1+ 30. Kc3 Rxe7 0-1

[Event "*** Titled Tuesday 3|2 Blitz (Late)"]
[Site "Chess.com"]
[Date "2016.11.01"]
[Round "9"]
[White "KyronGriffith"]
[Black "spirals5"]
[Result "1-0"]
[WhiteElo "2328"]
[BlackElo "2278"]
[TimeControl "180+2"]
[EndTime "18:56:52 PDT"]
[Termination "KyronGriffith won by resignation"]

1. e4 c5 2. Nf3 d6 3. d4 cxd4 4.
Nxd4 Nf6 5. Nc3 a6 6. Bg5 Nbd7 7.
f4 b5 8. Qe2 Bb7 9. e5 dxe5 10.
fxe5 b4 11. Na4 h6 12. Bxf6 gxf6 13. e6 Ne5 14. O-O-O Qa5 15. b3 O-O-O 16. exf7 h5 17. Ne6 Rd6 18. Rxd6 exd6 19. Qf2 Bh6+ 20. Kb1 Nxf7 21.
Qxf6 Qe5 22. Nb6+ Kb8 23. Nd7+ 1-0

[Event "*** Titled Tuesday 3|2 Blitz (Late)"]
[Site "Chess.com"]
[Date "2016.11.01"]
[Round "9"]
[White "uzbektiger95"]
[Black "chito89"]
[Result "1-0"]
[WhiteElo "2638"]
[BlackElo "2500"]
[TimeControl "180+2"]
[EndTime "18:56:56 PDT"]
[Termination "uzbektiger95 won on time"]

1. c4 e5 2. Nc3 Nc6 3. Nf3 Nf6 4.
g3 Bb4 5. Bg2 d6 6. O-O O-O 7. d3 h6 8. Bd2 a5 9. a3 Bc5 10. Rb1 Bf5 11. Qc2 Re8 12. e3 e4 13.
Ne1 exd3 14. Nxd3 Bh7 15. Rbd1 Ne5 16. e4 Nxd3 17. Qxd3 c6 18. h3 a4 19. Kh2 Qb6 20. Bf4 Qxb2 21. Rb1 Qxa3 22. Bc1 Qb3 23. Rxb3 axb3 24.
Qb1 Ra7 25. Qxb3 Nd7 26. Na4 Bd4 27. Bb2 Bxb2 28. Nxb2 Nc5 29. Qb6 Ra2 30. f3 Bg6 31. g4 Rea8 32. Rd1 R8a3 33. Qd8+ Kh7 34. Rd2 Na4 35.
Qxd6 Nxb2 36. Rxb2 1-0

[Event "*** Titled Tuesday 3|2 Blitz (Late)"]
[Site "Chess.com"]
[Date "2016.11.01"]
[Round "9"]
[White "keisyzrk"]
[Black "PaulfromSPb"]
[Result "0-1"]
[WhiteElo "2237"]
[BlackElo "2513"]
[TimeControl "180+2"]
[EndTime "18:57:22 PDT"]
[Termination "PaulfromSPb won by checkmate"]

1. e4 c5 2. Nf3 d6 3. d4 cxd4 4.
Nxd4 Nf6 5. Nc3 Nc6 6. Bg5 Qb6 7. Bxf6 gxf6 8. Ndb5 a6 9. Nd5 Qa5+ 10. b4 Nxb4 11. Nbc7+ Kd8 12. Nxa8 Nxd5+ 13. Qd2 Nc3 14. Nb6 Bh6 15.
Qxh6 Nxe4+ 16. Ke2 Qxb6 17. Qe3 Qb5+ 18. Ke1 Qb4+ 19.
Kd1 Nc3+ 20. Kc1 Bf5 21. a3 Qa5 22. Bd3 Bxd3 23. Qxd3 Rg8 24. g3 Rg5 25. Qxh7 Rd5 26. Qxf7 Ne2+ 27. Kb2 Qb5+ 28. Ka2 Nc3# 0-1

[Event "*** Titled Tuesday 3|2 Blitz (Late)"]
[Site "Chess.com"]
[Date "2016.11.01"]
[Round "9"]
[White "calemcc"]
[Black "Gau_truc_lon"]
[Result "1-0"]
[WhiteElo "2214"]
[BlackElo "2179"]
[TimeControl "180+2"]
[EndTime "18:58:06 PDT"]
[Termination "calemcc won by resignation"]

1. d4 Nf6 2. c4 g6 3. f3 Nc6 4. e4 e5 5. Ne2 Bg7 6. Be3 O-O 7. Nbc3 b6 8. Qd2 Ba6 9. d5 Na5 10. b3 c5 11. Ng3 h5 12. Bd3 h4 13.
Nge2 Nh5 14. O-O-O f5 15. Bg5 Bf6 16. Bxf6 Qxf6 17.
g3 f4 18. g4 Ng7 19. g5 Qxg5 20. Rdg1 Qf6 21. Rg4 Kf7 22. Rhg1 Rh8 23. Nxf4 g5 24. Nh3 Rh5 25. Nxg5+ Ke7 26. d6+ Kxd6 27. Nf7+ Qxf7 28. Be2+ Kc7 29. Rxg7 Qe6 30. R1g6 Qe8 31. Qd6+ Kc8 32. Rg8 Rh8 33. Rxe8+ Rxe8 34. Nd5 1-0

[Event "*** Titled Tuesday 3|2 Blitz (Late)"]
[Site "Chess.com"]
[Date "2016.11.01"]
[Round "9"]
[White "GianmarcoVaR"]
[Black "Rozum_Ivan"]
[Result "0-1"]
[WhiteElo "2426"]
[BlackElo "2606"]
[TimeControl "180+2"]
[EndTime "18:58:20 PDT"]
[Termination "Rozum_Ivan won by resignation"]

1. d4 Nf6 2. Nf3 d5 3. c4 e6 4.
g3 Bb4+ 5. Bd2 Bd6 6. Nc3 O-O 7. Qc2 dxc4 8. e4 c5 9. e5 cxd4 10. Nb5 Bxe5 11. Bxc4 Nc6 12. O-O a6 13. Na3 Bd6 14. Bd3 e5 15. Nc4 Bc7 16. Rfe1 Re8 17. Bg5 h6 18. Bd2 Bg4 19. Nh4 Be6 20. Nf5 Rc8 21. f3 b5 22. Na3 Bb6 23. Qd1 Qd7 24. g4 Nd5 25. Nc2 Bxf5 26. Bxf5 d3+ 27. Ne3 Nxe3 28. Bxe3 Bxe3+ 29. Rxe3 Qa7 30. Qxd3 Nb4 31. Qd2 Nd5 32. Bxc8 Nxe3 33. Qd7 Qxd7 34. Bxd7 Rd8 35. Kf2 Nc4 36. b3 Rxd7 37. bxc4 bxc4 38. Ke3 Rd3+ 39. Ke4 f6 40. Rc1 Rd4+ 41. Kf5 Kf7 0-1

[Event "*** Titled Tuesday 3|2 Blitz (Late)"]
[Site "Chess.com"]
[Date "2016.11.01"]
[Round "9"]
[White "NTBT_DHS"]
[Black "Aygehovit1992"]
[Result "0-1"]
[WhiteElo "2486"]
[BlackElo "2452"]
[TimeControl "180+2"]
[EndTime "18:58:35 PDT"]
[Termination "Aygehovit1992 won by resignation"]

1. d4 d5 2. c4 c6 3. Nf3 Nf6 4. g3 dxc4 5. Bg2 g6 6. O-O Bg7 7. Nc3 O-O 8. e4 b5 9. e5 Nd5 10. Ne4 Bg4 11. h3 Bxf3 12. Qxf3 Nd7 13. a4 a6 14. Bg5 f6 15. exf6 exf6 16. Bd2 f5 17.
Ng5 Re8 18. Rfe1 Bxd4 19. axb5 axb5 20. Rxe8+ Qxe8 21. Qxd5+ cxd5 22. Bxd5+ Kg7 23. Rxa8 Qe2 24. Ne6+ Kf6 25. Bg5+ Ke5 26. Nxd4 Qd1+ 27. Kg2 Kxd5 28. Nxb5 Qd3 29. Nc3+ Kc6 30. Bf4 Nb6 31. Ra7 Nd5 32. Ra6+ Kb7 33. Ra3 Nxf4+ 34. gxf4 Qd2 35. Na4 Qxf4 36.
Nc3 h5 37. Ra4 h4 38. b3 Qg5+ 39. Kf3 cxb3 40. Rb4+ Kc6 41. Rxb3 Qg1 42. Ne2 Qh1+ 43. Ke3 Qxh3+ 44. f3 Qg2 45. Rc3+ Kd7 46. Rd3+ Ke8 47.
Nf4 Qg1+ 48. Ke2 g5 49. Nh3 Qg2+ 50.
Nf2 h3 51. Rd6 h2 52. Rh6 g4 53. fxg4 fxg4 0-1

[Event "*** Titled Tuesday 3|2 Blitz (Late)"]
[Site "Chess.com"]
[Date "2016.11.01"]
[Round "9"]
[White "Divertissement"]
[Black "brightthunder"]
[Result "0-1"]
[WhiteElo "2348"]
[BlackElo "2533"]
[TimeControl "180+2"]
[EndTime "18:59:21 PDT"]
[Termination "brightthunder won by resignation"]

1. Nf3 c5 2. c4 Nf6 3. Nc3 b6 4. e3 g6 5. d4 Bg7 6. d5 O-O 7.
Bd3 d6 8. h3 e5 9. e4 Na6 10. O-O Ne8 11. a3 f5 12. Bg5 Bf6 13.
Bxf6 Qxf6 14. Rb1 f4 15. Nh2 h5 16. Be2 Qf7 17. b4 Nf6 18. Nb5 Rd8 19. Nf3 Nh7 20. Nxd6 Rxd6 21. Nxe5 Qe8 22. Nc6 Ng5 23. e5 Rxc6 24.
dxc6 Be6 25. Qc2 f3 26. Bd3 fxg2 27. Rfd1 Bxh3 28. f4 Nf3+ 29. Kf2 Nd4 30. Bxg6 Nxc2 31. Bxe8 Rxe8 32. b5 Nc7 33. Rb3 Be6 34. Rg3+ Kf7 35.
f5 Bxf5 36. Rf3 Kg6 37. Rd6+ Ne6 38. Rg3+ Bg4 39. c7 Nd4 40. Rd7 Rc8 41. Rxg2 Rxc7 42. Rxc7 Nxc7 43. Ke3 Nce6 44. Ke4 Kg5 45. Kd5 h4 46.
Kd6 h3 47. Rf2 Kh4 0-1

[Event "*** Titled Tuesday 3|2 Blitz (Late)"]
[Site "Chess.com"]
[Date "2016.11.01"]
[Round "9"]
[White "FearlessKing64"]
[Black "pastouche06"]
[Result "1/2-1/2"]
[WhiteElo "2157"]
[BlackElo "2275"]
[TimeControl "180+2"]
[EndTime "18:59:34 PDT"]
[Termination "Game drawn by repetition"]

1. e4 c6 2. d4 d5 3. Nc3 b5 4.
a3 a6 5. exd5 cxd5 6. Qf3 Nf6 7. Bg5 e6 8. Bd3 Nc6 9. Nge2 Be7 10.
Rd1 Qb6 11. O-O b4 12. Na4 Qa5 13. Nc5 Nxd4 14. Nxd4 Qxc5 15. Nb3 Qb6 16. axb4 Qxb4 17. Rfe1 a5 18. Bxf6 Bxf6 19. Qxd5 Bb7 20. Qc5 Qxc5 21.
Nxc5 Bc6 22. b3 Ke7 23. Be4 Rhc8 24. Bxc6 Rxc6 25. Ne4 Rxc2 26. Nxf6 gxf6 27. h3 Rb8 28. Ra1 Rc5 29. Reb1 f5 30. Ra4 Rb4 31. Rba1 Rxa4 32. Rxa4 Rb5 33. h4 Kd6 34. g3 Kc6 35. Kg2 Kb6 36.
Ra3 Rd5 37. Ra4 Kb5 38. Rc4 Rd3 39. Rc7 Rxb3 40. Rxf7 a4 41. Rxh7 a3 42. Ra7 Kb4 43. h5 Rc3 44. h6 Rc8 45. h7 Kb3 46. Kf3 a2 47. Rb7+ Ka3 48. Ra7+ Kb3 49. Rb7+ Kc2 50. Ra7 Kb1 51. Rb7+ Kc2 52. Ra7 Kb1 53. Rb7+ Kc2 54. Ra7 Kb1 55. Rb7+ Kc2 56. Ra7 1/2-1/2

[Event "*** Titled Tuesday 3|2 Blitz (Late)"]
[Site "Chess.com"]
[Date "2016.11.01"]
[Round "9"]
[White "jcgs1030"]
[Black "Wilsonpalencia"]
[Result "0-1"]
[WhiteElo "2272"]
[BlackElo "2431"]
[TimeControl "180+2"]
[EndTime "18:59:36 PDT"]
[Termination "Wilsonpalencia won by checkmate"]

1. e4 c5 2. Nf3 d6 3. d4 cxd4 4. Nxd4 Nf6 5. Nc3 g6 6. Be3 Bg7 7. f3 O-O 8. Bc4 Nc6 9. Qd2 Ne5 10. Bb3 Bd7 11. h4 h5 12. O-O-O Rc8 13. Kb1 Re8 14.
g4 hxg4 15. h5 Nxh5 16. Rdg1 Qa5 17. Bh6 Bf6 18. f4 Nc4 19. Bxc4 Rxc4 20. e5 Bh8 21.
Nb3 Qc7 22. Nd5 Qc8 23. c3 Bf5+ 24. Ka1 Ra4 25. Ne3 Be4 26. Rh4 dxe5 27. Rgxg4 exf4 28. Bxf4 Bf3 29. Rxh5 Bxg4 30. Rxh8+ Kxh8 31. Qh2+ Bh5 32.
Nd4 f6 33. Ndf5 e5 34. Qh4 Qe6 35. Bxe5 Qxa2# 0-1

[Event "*** Titled Tuesday 3|2 Blitz (Late)"]
[Site "Chess.com"]
[Date "2016.11.01"]
[Round "9"]
[White "GMKrikor"]
[Black "tigra"]
[Result "1-0"]
[WhiteElo "2554"]
[BlackElo "2463"]
[TimeControl "180+2"]
[EndTime "18:59:41 PDT"]
[Termination "GMKrikor won on time"]

1. e4 e6 2. d4 d5 3. Nd2 c5 4. Ngf3 Nf6 5. e5 Ne4 6. c3 Nc6 7. Bd3 Nxd2 8. Bxd2 cxd4 9. cxd4 Qb6 10.
Bc3 Be7 11. O-O Bd7 12. Qd2 O-O 13. Rac1 Rac8 14. a3 f5 15. exf6 Rxf6 16. Bb1 Be8 17. Rfe1 h6 18. Re3 Bh5 19. Rce1 Bxf3 20. Rxf3 Rxf3 21.
gxf3 Bf6 22. Rxe6 Nxd4 23. Rxb6 Nxf3+ 24. Kg2 Nxd2 25. Rxf6 Nxb1 26. Rf3 Nxc3 27. bxc3 Rc5 28. a4 Rc4 29. Rd3 Kf7 30. Rxd5 Ke6 31. Rb5 b6 32. a5 Rc5 33. Rb4 1-0

[Event "*** Titled Tuesday 3|2 Blitz (Late)"]
[Site "Chess.com"]
[Date "2016.11.01"]
[Round "9"]
[White "gmshanmeruga"]
[Black "Nyzhnyk_Illia"]
[Result "0-1"]
[WhiteElo "2303"]
[BlackElo "2589"]
[TimeControl "180+2"]
[EndTime "18:59:52 PDT"]
[Termination "Nyzhnyk_Illia won on time"]

1. e4 c5 2. Nf3 d6 3. d4 cxd4 4. Nxd4 Nf6 5. Nc3 a6 6. Bg5 Nbd7 7. Be2 g6 8. O-O Bg7 9. Be3 b5 10. a4 b4 11. Nc6 Qc7 12. Nxb4 e6 13. f3 O-O 14. Qd2 Rd8 15. Rfd1 Bf8 16. a5 d5 17. Na4 dxe4 18. Bb6 Nxb6 19. Qxd8 Qxd8 20. Rxd8 Nxa4 21. Rxa4 Kg7 22. Nc6 Bc5+ 23. Kf1 Bb7 24. Rxa8 Bxa8 25. Nb4 e3 26. Nxa6 Bd6 27. g3 g5 28. b4 g4 29. fxg4 Ne4 30. Nc5 Nd2+ 31. Kg1 Be5 32. Nd3 Bd4 33. b5 Bc3 34. b6 Nf3+ 35.
Bxf3 Bxf3 36. a6 e5 37. b7 e4 38. b8=Q exd3 39. cxd3 e2 40. Ra1 Bxa1 41. Kf2 Bd4+ 42. Kxf3 e1=Q 0-1

[Event "*** Titled Tuesday 3|2 Blitz (Late)"]
[Site "Chess.com"]
[Date "2016.11.01"]
[Round "9"]
[White "MFBerna"]
[Black "nonscitis"]
[Result "1-0"]
[WhiteElo "2197"]
[BlackElo "2307"]
[TimeControl "180+2"]
[EndTime "18:59:58 PDT"]
[Termination "MFBerna won by checkmate"]

1. e4 c5 2. Nf3 d6 3. d4 cxd4 4.
Nxd4 Nf6 5. Nc3 a6 6. Be2 Nc6 7. Be3 Nxd4 8. Qxd4 e5 9. Qd2 Be6 10. O-O Be7 11. f4 Rc8 12. Rad1 O-O 13. Kh1 Rxc3 14.
Qxc3 Nxe4 15. Qb4 exf4 16. Bxf4 Nc5 17. Bc4 a5 18. Qc3 Bf6 19. Qe3 Bxc4 20. Rxd6 Nd7 21.
Rfd1 Bb5 22. Qd2 Re8 23. h3 b6 24. c4 Bxc4 25. Rxd7 Qc8 26. Rc7 Qa6 27. Qd7 Bb5 28.
Qxf7+ Kh8 29. Bh6 Rg8 30. Rdc1 Qa8 31. Bf4 Be8 32. Qe6 Bg6 33. Be5 Bxe5 34. Qxe5 Qd8 35. Re7 b5 36. Re1 b4 37. Rc1 Qd2 38. Rcc7 Qd1+ 39.
Kh2 Qd2 40. Rxg7 Qd6 41. Rxh7# 1-0

[Event "*** Titled Tuesday 3|2 Blitz (Late)"]
[Site "Chess.com"]
[Date "2016.11.01"]
[Round "9"]
[White "g2_g3"]
[Black "Rating-Schmating"]
[Result "1-0"]
[WhiteElo "1870"]
[BlackElo "2234"]
[TimeControl "180+2"]
[EndTime "18:59:58 PDT"]
[Termination "g2_g3 won by checkmate"]

1. d4 Nf6 2. Nf3 e6 3. e3 c5 4. Bd3 cxd4 5. exd4 b6 6. O-O Bb7 7. Re1 Be7 8. Nc3 d6 9. Ne4 Nbd7 10. c3 Qc7 11. Nxf6+ Nxf6 12. Bf4 a6 13. Qe2 O-O 14.
Rac1 Nh5 15. Bd2 Nf6 16. c4 d5 17. cxd5 Qd7 18. dxe6 fxe6 19. Qxe6+ Qxe6 20. Rxe6 Bd8 21. Bc4 Kh8 22. Ne5 g6 23. Bg5 Kg7 24. Bxf6+ Rxf6 25.
Rxf6 Bxf6 26. Bb3 Kh6 27. f4 Rc8 28. Rxc8 Bxc8 29. Kf2 Bh4+ 30. g3 Be7 31. g4 Kg7 32.
g5 h6 33. h4 hxg5 34. hxg5 Bf5 35. Ke3 Bb4 36. a3 Bd6 37. Bc4 b5 38. Bd5 a5 39.
Bc6 b4 40. axb4 axb4 41. Nc4 Bc7 42. d5 Kf7 43. d6 Bd8 44. Bd5+ Ke8 45. Kd4 Kd7 46. Ke5 Bc2 47. Ne3 Bb6 48. Ng4 Bc5 49.
Nf6+ Kd8 50. Be4 Bxe4 51. Nxe4 Bb6 52. Ke6 Be3 53. f5 gxf5 54. Kxf5 Kd7 55. g6 Bd4 56.
Nf6+ Bxf6 57. Kxf6 Kxd6 58. g7 Kc5 59. g8=Q Kd4 60.
Qb3 Kc5 61. Ke5 Kb5 62. Kd5 Ka5 63. Kc6 Ka6 64. Qa4# 1-0

[Event "*** Titled Tuesday 3|2 Blitz (Late)"]
[Site "Chess.com"]
[Date "2016.11.01"]
[Round "9"]
[White "AlexanderL"]
[Black "wonderfultime"]
[Result "0-1"]
[WhiteElo "2586"]
[BlackElo "2709"]
[TimeControl "180+2"]
[EndTime "19:00:08 PDT"]
[Termination "wonderfultime won by checkmate"]

1. d4 d5 2. c4 c6 3. cxd5 cxd5 4. Bf4 Nf6 5. e3 a6 6. Nc3 Bf5 7. Qb3 b5 8. a4 b4 9. Qxb4 e5 10. Qb7 exf4 11. Qxa8 fxe3 12. fxe3 Bd6 13. Qb7 O-O 14. O-O-O Qa5 15. Bd3 Bc8 16. Qb3 Nc6 17. Nge2 Nb4 18.
Ng3 Bg4 19. Be2 Rb8 20. Bxg4 Nd3+ 21. Rxd3 Rxb3 22. Bd1 Rb8 23. Bc2 g6 24. Re1 Qb4 25.
Kd2 Ne4+ 26. Kd1 Bxg3 27. hxg3 Nf2+ 28. Ke2 Nxd3 29. Kxd3 Qc4+ 30. Kd2 Rxb2 31. Rc1 Kg7 32. Nd1 Qb4+ 33. Kd3 Ra2 34. Nc3 Ra3 35. Bd1 h5 36. Rc2 Qb8 37. Kd2 Qxg3 38. Bf3 Qf2+ 39. Kd3 Qf1+ 40.
Be2 Qxg2 41. e4 Qxe4+ 42. Kd2 Qxd4+ 43. Bd3 h4 44. Rc1 h3 45. Kc2 Qxc3+ 46. Kb1 Ra1# 0-1

[Event "*** Titled Tuesday 3|2 Blitz (Late)"]
[Site "Chess.com"]
[Date "2016.11.01"]
[Round "9"]
[White "Genghis_K"]
[Black "jk13"]
[Result "0-1"]
[WhiteElo "2672"]
[BlackElo "2538"]
[TimeControl "180+2"]
[EndTime "19:00:15 PDT"]
[Termination "jk13 won by resignation"]

1. e4 e5 2. Nf3 Nc6 3. Bb5 Nf6 4.
O-O Nxe4 5. d4 Nd6 6. Bxc6 dxc6 7. dxe5 Nf5 8. Qxd8+ Kxd8 9. h3 Bd7 10. Nc3 Be7 11. b3 Kc8 12. Bb2 h5 13. Rad1 b6 14. Ne2 c5 15.
Nf4 Bc6 16. Nd5 Bd8 17. c4 a5 18. a4 Kb7 19. Rfe1 Re8 20. Kh2 h4 21. Bc1 g6 22.
Ng5 Bxg5 23. Bxg5 Nd4 24. Rd3 Nf5 25. Rf3 Re6 26. Rf4 Rae8 27. Rfe4 Nd4 28. R1e3 f5 29. Rxh4 Bxd5 30. cxd5 Rxe5 31. Bf4 Rxe3 32. fxe3 Nxb3 33. Rh7 Rc8 34. d6 Kc6 35. dxc7 c4 36. Be5 Kd5 37. Bc3 Nc5 38. Rg7 Ne4 39. Bd4 c3 40. Rxg6 Rxc7 41. Rxb6 c2 42. Rb5+ Rc5 43. Bb2 Rxb5 44.
axb5 Kc5 45. h4 Nf6 46. Kg3 Kxb5 47. Kf4 Kc4 48. Kxf5 Kb3 49. Bc1 a4 50. Kxf6 a3 51. h5 a2 52. Bb2 Kxb2 53. h6 a1=Q 0-1

[Event "*** Titled Tuesday 3|2 Blitz (Late)"]
[Site "Chess.com"]
[Date "2016.11.01"]
[Round "9"]
[White "Quiet_Desperation"]
[Black "attack2mateU"]
[Result "0-1"]
[WhiteElo "2283"]
[BlackElo "2410"]
[TimeControl "180+2"]
[EndTime "19:00:20 PDT"]
[Termination "attack2mateU won by resignation"]

1. e4 c5 2. Nf3 d6 3. d4 cxd4 4. Nxd4 Nf6 5. Nc3 a6 6. Be3 e6 7. f3 b5 8. Qd2 b4 9. Nce2 e5 10.
Nb3 Nc6 11. O-O-O a5 12. Kb1 a4 13. Nbc1 Be6 14. g4 Qa5 15. g5 Nd7 16. f4 exf4 17. Nxf4 Be7 18. Nxe6 fxe6 19. Bc4 Nd8 20. Rhf1 Ne5 21.
Be2 Ndf7 22. h4 O-O 23. h5 Nd8 24. Bd4 Ndc6 25. g6 h6 26. Be3 Bf6 27. Bxh6 gxh6 28. Qxh6 Qa7 29. Rxd6 Qg7 30. Qe3 Be7 31. Rxe6 Rxf1 32.
Bxf1 Rf8 33. h6 Ng4 34. Qb6 Qd4 35. Qxc6 a3 36. c3 Qd2 37. h7+ Kh8 38. g7+ Kxg7 39. Rxe7+ Kh8 40. bxa3 bxc3 41. Rb7 Ne3 42. Bd3 c2+ 43.
Bxc2 Qd4 44. Qc7 Nc4 45. Nd3 Rf1+ 46. Bd1 Qxd3+ 47. Ka1 Qc3+ 0-1